 Dungeon Crawl Stone Soup version 0.30.0-19-g36f170ea60 (webtiles) character file.

Game seed: 1714649022483038064

74 wingedge the Trooper (level 3, -5/34 HPs)
             Began as a Demigod Wanderer on May 28, 2023.
             Slain by an ogre
             ... wielding a +0 giant club
              (28 damage)
             ... on level 4 of the Dungeon.
             The game lasted 00:08:14 (2461 turns).

wingedge the Trooper (Demigod Wanderer)             Turns: 2461, Time: 00:08:14

Health: -5/34      AC:  3    Str: 11    XL:     3   Next: 85%
Magic:  3/7        EV: 13    Int: 18    God:
Gold:   198        SH:  0    Dex: 17    Spells: 0/4 levels left

rFire   . . .        u - +0 rapier
rCold   . . .        (no shield)
rNeg    . . .        d - +0 robe
rPois   .            b - +0 helmet
rElec   .            (no cloak)
rCorr   .            (no gloves)
SInv    .            (no boots)
Will    .....        (no amulet)
Stlth   ++           (no ring)
HPRegen 0.25/turn    (no ring)
MPRegen 0.10/turn

%: no passive effects
@: confusing by touch
A: high MP 1, forlorn, divine attributes, agile 1, robust 1
a: no special abilities


You were on level 4 of the Dungeon.
You visited 1 branch of the dungeon, and saw 4 of its levels.

You collected 198 gold pieces.

Inventory:

Hand Weapons
 a - a +0 dagger
 k - a +0 spear
 u - a +0 rapier (weapon)
Missiles
 r - 4 poisoned darts
 w - 2 boomerangs
Armour
 b - a +0 helmet (worn)
 d - a +0 robe (worn)
Wands
 e - a wand of charming (11)
Scrolls
 c - 4 scrolls of teleportation
 i - a scroll of amnesia {unknown}
 l - a scroll of blinking {unknown}
 m - a scroll of noise {unknown}
 o - a scroll of brand weapon {unknown}
 p - 4 scrolls of identify {unknown}
 q - 2 scrolls of enchant weapon {unknown}
 x - a scroll of immolation {unknown}
 y - 2 scrolls of vulnerability {unknown}
 A - a scroll of silence {unknown}
Potions
 f - a potion of curing {unknown}
 j - a potion of heal wounds {unknown}
 n - a potion of attraction {unknown}
 s - a potion of magic {unknown}
 t - a potion of degeneration {unknown}
 v - a potion of lignification {unknown}
 z - a potion of brilliance {unknown}


   Skills:
 + Level 3.0 Fighting
 + Level 2.9 Dodging
 + Level 1.1 Spellcasting
 * Level 2.0 Hexes
 + Level 0.5 Summonings
 + Level 2.8 Evocations


You couldn't memorise any spells.
You knew the following spells:

 Your Spells              Type           Power      Damage    Failure   Level
a - Slow                  Hex            32%        N/A       9%          1
b - Confusing Touch       Hex            8%         N/A       26%         3

Your spell library contained the following spells:

 Spells                   Type           Power      Damage    Failure   Level
 Kiss of Death            Conj/Necr      4%         2d5       21%         1
 Summon Guardian Golem    Hex/Summ       5%         N/A       34%         3
 Inner Flame              Hex/Fire       4%         N/A       36%         3
 Portal Projectile        Hex/Tloc       8%         N/A       36%         3
 Dispel Undead            Necr           1%         3d6       89%         4
 Summon Mana Viper        Hex/Summ       5%         N/A       97%         5
 Metabolic Englaciation   Hex/Ice        2%         N/A       98%         5
 Summon Forest            Summ/Tloc      0%         N/A       99%         5
 Summon Cactus Giant      Summ           1%         N/A       100%        6
 Orb of Destruction       Conj           0%         9d5       100%        7
 Spellforged Servitor     Conj/Summ      0%         N/A       100%        7


Dungeon Overview and Level Annotations

Branches:
Dungeon (4/15)
 Temple: D:4-7


Innate Abilities, Weirdness & Mutations

You have an increased reservoir of magic. (+10% MP)
You shall have no god before yourself.
Your divine heritage dramatically boosts your attributes as you level up.
You are agile. (Dex +4, Str/Int -1)
You are robust. (+10% HP)


Message History

You hit the hobgoblin.
The hobgoblin is severely wounded.
You closely miss the hobgoblin. You punch the hobgoblin.
You kill the hobgoblin!
Casting: Slow (safe; 9% risk of failure)
Confirm with . or Enter, or press ? or * to list all spells.
Okay, then.
Throw: 6 darts (poison)
Press: ? - help, Shift-Dir - straight line, f - ogre
Aim: an ogre, wielding a +0 giant club (75% to hit)
You throw a poisoned dart. The poisoned dart hits the ogre.
The ogre is poisoned.
Throw: 5 darts (poison)
Press: ? - help, Shift-Dir - straight line, f/p - ogre
Aim: an ogre, wielding a +0 giant club (lightly wounded, poisoned, 75% to hit)
You throw a poisoned dart. The poisoned dart hits the ogre.
The ogre looks even sicker.
The ogre is lightly wounded.
Casting: Slow (safe; 9% risk of failure)
Confirm with . or Enter, or press ? or * to list all spells.
The spell is quite dangerous to miscast (26% risk of failure)!
Continue anyway?
Your hands begin to glow red.
Casting: Confusing Touch (quite dangerous; 26% risk of failure)
Confirm with . or Enter, or press ? or * to list all spells.
Aiming: Slow (safe; 9% risk of failure)
Press: ? - help, Shift-Dir - straight line, f/p - ogre
Aim: an ogre, wielding a +0 giant club (lightly wounded, very poisoned, chance to confuse on hit: 41%, chance to affect: 41%)
The ogre seems to slow down.
You hit the ogre but do no damage.
The ogre is lightly wounded.
You hit the ogre but do no damage.
The ogre is lightly wounded.
The ogre hits you with a +0 giant club!
You hit the ogre but do no damage.
The ogre is moderately wounded.
You barely miss the ogre.
The ogre is moderately wounded.
The ogre hits you with a +0 giant club!!
Ouch! That really hurt!
You die...

#####..#....
#........?#
#.#######.#..
#.#...$.#(#.#
#.#$$$$$#(..#
#.#.._..#.#
##.#$$...#.#
#..#.....#O#
#..###'###@####
#.............#
#.##.#..#####.#
#. #...## #
#.####.##
#.......#
####....#
#....# #)####


You could see an ogre (poisoned, slow).

Vanquished Creatures
  Jessica (D:3)
  An adder (D:3)
  A worm (D:2)
  A dart slug (D:1)
  4 endoplasms
  4 giant cockroaches
  6 goblins
  2 hobgoblins
  3 kobolds
  2 quokkas
  A ball python (D:2)
  2 frilled lizards
  3 rats
31 creatures vanquished.

Vanquished Creatures (others)
  An orc (D:3)
1 creature vanquished.

Grand Total: 32 creatures vanquished

Notes
Turn   | Place    | Note
-------+----------+-------------------------------------------
     0 | D:1      | wingedge the Demigod Wanderer began the quest for the Orb.
     0 | D:1      | wingedge set off with the following items: a +0 dagger, a
                  | +0 helmet, a scroll of teleportation, a +0 robe, a wand of
                  | charming (12); and the following spell memorised: Slow; and
                  | the following spells available to memorise: Inner Flame.
     0 | D:1      | Reached XP level 1. HP: 16/16 MP: 4/4
   332 | D:1      | Reached skill level 2 in Fighting
   409 | D:1      | Reached XP level 2. HP: 24/24 MP: 5/5
  1613 | D:3      | Reached XP level 3. HP: 30/30 MP: 6/6
  1623 | D:3      | Learned a level 3 spell: Confusing Touch
  1877 | D:3      | Got Gesoxt's Tome of Doom
  2054 | D:3      | Noticed Jessica
  2063 | D:3      | Gained mutation: You are robust. (+10% HP) [potion of
                  | mutation]
  2063 | D:3      | Gained mutation: You are agile. (Dex +4, Str/Int -1)
                  | [potion of mutation]
  2064 | D:3      | HP: 1/33 [Jessica/+0 dagger (4)]
  2163 | D:3      | Killed Jessica
  2164 | D:3      | Reached skill level 3 in Fighting
  2391 | D:4      | Noticed an ogre
  2461 | D:4      | Slain by an ogre

Illustrated notes

Levels and vault maps discovered:
D:1:      dpeg_arrival_rooms_a, layout_loops_ring
D:2:      layout_loops_cross
D:3:      layout_loops_cross, uniq_jessica
D:4:      layout_loops_ring, amcnicky_altar_gilded, grunt_dithmenos_smoke,
          minmay_box_of_dots

Skill      XL: |  1  2  3 |
---------------+----------+-----
Fighting       | 2 3 |  3.0
Hexes          | 2 |  2.0
Dodging        | |  2.9
Spellcasting   | |  1.1
Summonings     | |  0.5
Evocations     | |  2.8

Action                     || total
---------------------------++-------
  Melee: Dagger            ||    23
         Spear             ||    29
         Rapier            ||    96
         Punch             ||     1
  Throw: Dart              ||     3
   Cast: Slow              ||    16
         Confusing Touch   ||     2
  Evoke: Wand              ||     1
    Use: Potion            ||     3
         Scroll            ||     1
   Stab: Confused          ||     2
 Armour: Robe              ||    30
  Dodge: Dodged            ||   100
